 Dungeon Crawl Stone Soup version 0.31-a0-358-gac0dbeb3ab (webtiles) character file.

Game seed: 2401674914068130065

1778154 Shard1697 the Merry Kobold (level 27, 158/166 HPs)
             Began as a Kobold Hunter on July 25, 2023.
             Was an Elder of Okawaru.
             Escaped with the Orb
             ... and 3 runes on July 26, 2023!
             The game lasted 02:13:29 (57183 turns).

Shard1697 the Merry Kobold (Kobold Hunter)         Turns: 57183, Time: 02:13:29

Health: 158/166    AC: 31    Str:  6    XL:     27
Magic:  29/42      EV: 53    Int: 23    God:    Okawaru [****..]
Gold:   1926       SH:  0    Dex: 41    Spells: 32/57 levels left

rFire   . . .        a - +9 triple crossbow (heavy)
rCold   + . .        (shield currently unavailable)
rNeg    . . .        d - +5 faerie dragon scales {Drain rElec rCorr Int+6}
rPois   +            Q - +5 hat of the Nexus {Int+2}
rElec   +            p - +0 cloak of the Winnowing Gods {Rampage rPois Str-5 Dex+7}
rCorr   +            D - +2 pair of gloves {Str+3}
SInv    .            k - +1 pair of boots {Fly}
Will    ++...        F - amulet of guardian spirit
Stlth   ++++         T - ring of the Ego {rC+ Int+6 Slay+3 Stlth+}
HPRegen 0.47/turn    L - ring of the Cricket {rElec rPois Int-4 Dex+6 Stlth-}
MPRegen 0.28/turn

%: clarity, guardian spirit, rampage
@: heroic, finesse-ful, portalling projectiles, flying, studying 2 skills
A: small, no large weapons, nightstalker 3, horns 1, iridescent scales 1,
camouflage 1, clarity, clumsy 1, screaming 1, evolution 1
0: Orb of Zot
}: 3/15 runes: decaying, serpentine, slimy
a: Renounce Religion, Heroism, Finesse


You escaped.
You worshipped Okawaru.
Okawaru was greatly pleased with you.
You visited 11 branches of the dungeon, and saw 52 of its levels.
You visited the Abyss 1 time.
You also visited: Bailey.

You collected 7174 gold pieces.
You spent 5248 gold pieces at shops.

Inventory:

Hand Weapons
 a - a +9 heavy triple crossbow (weapon)
 b - a +8 arbalest of draining
 t - the +8 demon blade "Leech" {evervamp, Harm Drain rN+}
   (You took it off a deep elf high priest on level 3 of the Elven Halls)

   rN:        It protects you from negative energy.
   Drain:     It drains your maximum health when unequipped.
   Harm:      It increases damage dealt and taken.
Armour
 d - the +5 faerie dragon scales (worn) {Drain rElec rCorr Int+6}
   (You took it off the Enchantress on level 4 of the Depths)

   Int:       It affects your intelligence (+6).
   rElec:     It insulates you from electricity.
   rCorr:     It protects you from acid and corrosion.
   Drain:     It drains your maximum health when unequipped.
 k - a +1 pair of boots of flying (worn)
 n - +4 steam dragon scales
 p - the +0 cloak of the Winnowing Gods (worn) {Rampage rPois Str-5 Dex+7}
   (Okawaru gifted it to you on level 3 of the Vaults)

   Str:       It affects your strength (-5).
   Dex:       It affects your dexterity (+7).
   rPois:     It protects you from poison.
   Rampage:   It bestows one free step when moving towards enemies.
 D - a +2 pair of gloves of strength (worn)
 Q - the +5 hat of the Nexus (worn) {Int+2}
   (Okawaru gifted it to you on level 1 of the Swamp)

   Int:       It affects your intelligence (+2).
Jewellery
 f - a ring of resist corrosion
 m - a ring of see invisible
 s - an amulet of reflection
 x - a ring of protection from fire
 y - an amulet of regeneration
 F - an amulet of guardian spirit (around neck)
 G - a +4 ring of protection
 K - a ring of positive energy
 L - the ring of the Cricket (right hand) {rElec rPois Int-4 Dex+6 Stlth-}
   (You bought it in a shop on level 14 of the Dungeon)

   [ring of dexterity]

   Int:       It affects your intelligence (-4).
   Dex:       It affects your dexterity (+6).
   rElec:     It insulates you from electricity.
   rPois:     It protects you from poison.
   Stlth:     It makes you less stealthy.
 S - the ring of Shadows {Umbra +Inv Stlth+}
   (You bought it in a shop on level 1 of the Orcish Mines)

   [ring of stealth]

   Umbra:     It surrounds you with an aura of shadow, increasing your stealth
   and reducing the accuracy of all others within it.
   +Inv:      It lets you turn invisible.
   Stlth:     It makes you more stealthy.
 T - the ring of the Ego (left hand) {rC+ Int+6 Slay+3 Stlth+}
   (You bought it in a shop on level 4 of the Dungeon)

   [ring of intelligence]

   Int:       It affects your intelligence (+6).
   Slay:      It affects your accuracy & damage with ranged weapons and melee
   (+3).
   rC:        It protects you from cold.
   Stlth:     It makes you more stealthy.
Wands
 r - a wand of digging (4)
 A - a wand of light (29)
 H - a wand of iceblast (23)
 N - a wand of polymorph (24)
 Z - a wand of mindburst (3)
Scrolls
 i - 5 scrolls of amnesia
 l - a scroll of brand weapon
 u - 3 scrolls of silence
 M - 21 scrolls of identify
 P - 12 scrolls of teleportation
 U - 8 scrolls of fog
 X - 6 scrolls of fear
Potions
 e - 14 potions of curing
 g - 7 potions of might
 o - 3 potions of lignification
 q - 7 potions of cancellation
 z - 3 potions of ambrosia
 B - 7 potions of brilliance
 E - 6 potions of enlightenment
 R - 4 potions of mutation
 V - 4 potions of berserk rage
 W - 3 potions of magic
Miscellaneous
 v - a lightning rod (4/4)
 O - a phial of floods


   Skills:
 - Level 15.3(20.3) Fighting
 O Level 27 Ranged Weapons
 + Level 13.4(18.4) Armour
 O Level 27 Dodging
 - Level 13.5(18.5) Stealth
 - Level 15.7 Spellcasting
 - Level 4.7 Hexes
 - Level 10.6 Necromancy
 - Level 14.0 Translocations
 - Level 7.5 Ice Magic
 - Level 3.9 Air Magic
 - Level 10.6 Earth Magic
 - Level 8.9 Invocations
 - Level 9.0 Evocations


You had 32 spell levels left.
You knew the following spells:

 Your Spells              Type           Power      Damage    Failure   Level
a - Dispersal             Tloc           35%        N/A       2%          6
b - Blink                 Tloc           100%       N/A       1%          2
c - Swiftness             Air            36%        N/A       2%          3
e - Ozocubu's Armour      Ice            51%        N/A       1%          3
f - Borgnjor's Vile Clut  Necr/Erth      30%        N/A       1%          5
g - Gell's Gravitas       Tloc           70%        N/A       1%          3
t - Portal Projectile     Hex/Tloc       100%       N/A       1%          3

Your spell library contained the following spells:

 Spells                   Type           Power      Damage    Failure   Level
 Apportation              Tloc           100%       N/A       0%          1
 Kiss of Death            Conj/Necr      100%       2d13      1%          1
 Necrotise                Necr           100%       1d9       1%          1
 Sandblast                Erth           100%       2d20      1%          1
 Shock                    Conj/Air       100%       1d9       1%          1
 Slow                     Hex            100%       N/A       1%          1
 Cigotuvi's Dreadful Rot  Necr/Pois/Air  80%        N/A       1%          2
 Ensorcelled Hibernation  Hex/Ice        92%        N/A       1%          2
 Lesser Beckoning         Tloc           100%       N/A       1%          2
 Passwall                 Tmut/Erth      35%        N/A       1%          2
 Confusing Touch          Hex            40%        N/A       1%          3
 Frozen Ramparts          Ice            100%       1d16      1%          3
 Teleport Other           Tloc           70%        N/A       1%          3
 Vampiric Draining        Necr           61%        2d10      1%          3
 Vhi's Electric Charge    Tloc/Air       100%       N/A       1%          3
 Dispel Undead            Necr           61%        3d21      1%          4
 Leda's Liquefaction      Hex/Erth       26%        N/A       1%          4
 Manifold Assault         Tloc           70%        N/A       1%          4
 Poisonous Vapours        Pois/Air       54%        N/A       3%          2
 Static Discharge         Conj/Air       54%        2-5/arc   3%          2
 Hailstorm                Conj/Ice       35%        3d9       3%          3
 Inner Flame              Hex/Fire       29%        N/A       5%          3
 Petrify                  Tmut/Erth      42%        N/A       5%          4
 Scorch                   Fire           36%        2d6       7%          2
 Wereblood                Tmut           18%        N/A       7%          2
 Mephitic Cloud           Conj/Pois/Air  24%        N/A       9%          3
 Airstrike                Air            18%        2d(3-19)  10%         4
 Metabolic Englaciation   Hex/Ice        23%        N/A       11%         5
 Freezing Cloud           Conj/Ice/Air   17%        6-21      26%         5
 Flame Wave               Conj/Fire      18%        2d7       43%         4
 Sticky Flame             Conj/Fire      18%        2d4       43%         4
 Arcjolt                  Conj/Air       13%        1d23      50%         5
 Disjunction              Tloc           35%        N/A       69%         8
 Alistair's Intoxication  Tmut/Pois      12%        N/A       78%         5
 Fireball                 Conj/Fire      9%         3d6       78%         5
 Irradiate                Conj/Tmut      9%         3d14      78%         5
 Iskenderun's Battlesphe  Conj           18%        2d7       78%         5
 Ozocubu's Refrigeration  Ice            25%        4d13      88%         7
 Conjure Ball Lightning   Conj/Air       13%        3x3d6     97%         6
 Eringya's Noxious Bog    Tmut/Pois      9%         4d6       100%        6
 Orb of Destruction       Conj           9%         9d6       100%        7
 Lehudib's Crystal Spear  Conj/Erth      21%        10d6      100%        8
 Maxwell's Capacitive Co  Air            18%        ∞         100%        8
 Chain Lightning          Conj/Air       13%        3d18      100%        9
 Polar Vortex             Ice            25%        12d3*     100%        9
 Animate Armour           Summ/Erth      Unusable   N/A       N/A         4
 Summon Forest            Summ/Tloc      Unusable   N/A       N/A         5
 Death Channel            Necr           Unusable   N/A       N/A         6
 Summon Ice Beast         Ice/Summ       Unusable   N/A       N/A         4
 Call Canine Familiar     Summ           Unusable   N/A       N/A         3
 Simulacrum               Ice/Necr       Unusable   N/A       N/A         6
 Summon Lightning Spire   Summ/Air       Unusable   N/A       N/A         4
 Infestation              Necr           Unusable   N/A       N/A         8
 Summon Cactus Giant      Summ           Unusable   N/A       N/A         6
 Summon Hydra             Summ           Unusable   N/A       N/A         7

Dungeon Overview and Level Annotations

Branches:
Dungeon (15/15)            Temple (1/1) D:6            Lair (5/5) D:9
  Swamp (4/4) Lair:3        Snake (4/4) Lair:2        Slime (5/5) Lair:5
    Orc (2/2) D:12            Elf (3/3) Orc:2        Vaults (4/5) D:14
  Crypt (0/3) Vaults:2     Depths (4/4) D:15            Zot (5/5) Depths:4
 Bailey (visited)

Altars:
Cheibriados
Dithmenos
Elyvilon
Fedhas
Gozag
Hepliaklqana
Kikubaaqudgha
Makhleb
Nemelex Xobeh
Okawaru
Qazlal
Trog
Uskayaw
Vehumet
Wu Jian
Xom
Yredelemnul
Zin
The Shining One
Jiyva
Lugonu

Shops:
D:4 =   D:7 *   D:8 *(   D:9 *   D:12 !   D:14 =   Orc:1 =   Orc:2 ::(*
Elf:2 !   Snake:3 !?**   Snake:4 ***   Depths:3 [

Portals:
Hell: Depths:1 Depths:2 Depths:3 Depths:4
Abyss: Lair:5 Depths:3 Depths:4
Pandemonium: Depths:2 Depths:3
Ziggurat: Depths:2
Trove: Elf:3 (show slimy rune of Zot)

Annotations:
D:10 2 transporters
D:13 3 runed translucent doors, exclusion: obsidian statue, wormstring's ghost, journeyman NaEE
Swamp:1 3 runed translucent doors
Swamp:4 2 transporters, Newt's ghost, adept KoHu
Orc:1 1 runed translucent door, promet's ghost, journeyman VSFi
Elf:1 1 runed translucent door, Naehuetz's ghost, adept DEBr
Elf:2 3 runed translucent doors, exclusion: obsidian statue
Depths:4 6 runed translucent doors


Innate Abilities, Weirdness & Mutations

You are small and have problems with some larger weapons.
You are completely attuned to the shadows.
You have a pair of small horns on your head.
You are partially covered in iridescent scales. (AC +2)
Your skin changes colour to match your surroundings (Stealth+).
You possess an exceptional clarity of mind.
You are clumsy. (Dex -2)
You occasionally shout uncontrollably at your foes.
You have hidden genetic potential.


Message History

The Tzitzimitl gestures at you.
The bolt of negative energy hits the ice devil.
The ice devil completely resists.
The bolt of negative energy hits you but does no damage.
The ice devil completely misses you.
A soul eater comes into view.
You yell at the soul eater!
Fire: a) +9 triple crossbow (heavy)
Press: ? - help, Q - select action, (/) - cycle Shift-Dir - straight line, f/p - Tzitzimitl
Aim: a Tzitzimitl (moderately wounded, 79% to hit)
You magically shoot a bolt.
The bolt hits the Tzitzimitl!!!!!
You kill the Tzitzimitl!
Okawaru accepts your kill.
Fire: a) +9 triple crossbow (heavy)
Press: ? - help, Q - select action, (/) - cycle Shift-Dir - straight line, f - ice devil
Aim: an ice devil (87% to hit)
You magically shoot a bolt.
The bolt hits the ice devil!!!
The ice devil is almost dead.
The ice devil completely misses you.
Fire: a) +9 triple crossbow (heavy)
Press: ? - help, Q - select action, (/) - cycle Shift-Dir - straight line, f/p - ice devil
Aim: an ice devil (almost dead, 87% to hit)
You magically shoot a bolt.
The bolt barely misses the ice devil.
The soul eater hits you! The ice devil completely misses you.
Fire: a) +9 triple crossbow (heavy)
Press: ? - help, Q - select action, (/) - cycle Shift-Dir - straight line, f/p - ice devil
Aim: an ice devil (almost dead, 87% to hit)
You magically shoot a bolt.
The bolt hits the ice devil.
You kill the ice devil!
Okawaru accepts your kill. The soul eater completely misses you.
Fire: a) +9 triple crossbow (heavy)
Press: ? - help, Q - select action, (/) - cycle Shift-Dir - straight line, f - soul eater
Aim: a soul eater (87% to hit)
You magically shoot a bolt.
The bolt hits the soul eater!!!!
You kill the soul eater!
Okawaru accepts your kill.
A hellwing comes into view.
There is a staircase leading out of the dungeon here.
You have escaped!

#.....4##[#......#
#####..)..#......#
##...###......#.##
#..### #.####.#...
###.### #....#.####
##~#.#~## ####...##
##~P~.~P~########..###
#~P8P.P8P~#...........
##~P.@.P~##.#########.
##~P...♣~##.#.....# #.
#~P8P.♣8♣~#.#.###.# ##
##~P...♣~##.#.# #.#
##~#.#~###.#.# #.#
###.###.....# #.#
#.....##..# #.#
########..# #.#
#..###.####


There were no monsters in sight!

Vanquished Creatures
  2 pandemonium lords
  the Royal Jelly (Slime:5)
  4 dread liches (Zot:5)
  An ancient lich (Zot:5)
  2 orbs of fire the Lernaean hydra (Swamp:4)
  Vashnia (Snake:4)
  A Killer Klown (Zot:5)
  Saint Roka (Orc:2)
  A curse toe (Zot:5)
  A caustic shrike (Depths:3)
  4 golden dragons
  Jory (Vaults:2)
  the Enchantress (Depths:4)
  2 bone dragons (Depths:4)
  A profane servitor (Depths:3)
  A Tzitzimitl (D:1)
  2 Brimstone Fiends
  2 electric golems
  A walking crystal tome (Depths:4)
  7 tentacled monstrosities
  24 Orb Guardians
  4 liches
  3 deep elf blademasters
  2 quicksilver dragons
  A walking divine tome (Depths:3)
  3 death cobs
  2 deep elf master archers (Elf:3)
  3 sphinxes
  2 Executioners
  18 acid blobs
  Agnes (Snake:3)
  5 tengu reavers
  Aizul (Snake:1)
  6 shadow dragons
  3 nagarajas
  3 draconian monks
  Donald (Swamp:2)
  Kirke (D:14)
  Roxanne (D:15)
  6 azure jellies
  A fenstrider witch (Swamp:4)
  9 fire giants
  3 draconian knights
  11 storm dragons
  3 deep elf sorcerers (Elf:3)
  8 vault wardens
  5 rockslimes
  A balrug (Depths:4)
  Louise (Depths:4)
  4 draconian scorchers
  8 frost giants
  A draconian shifter (Zot:1)
  2 iron dragons (Depths:4)
  3 draconian stormcallers
  2 draconian annihilators
  7 ironbound preservers
  2 ghost moths
  A deep elf elementalist (Elf:3)
  4 spriggan defenders (Depths:3)
  2 reapers
  4 orc warlords
  2 angels (Elf:1)
  2 formless jellyfish
  5 ironbound thunderhulks
  2 vampire knights
  8 quicksilver oozes
  12 very ugly things
  7 green draconians
  7 eleionomae
  6 war gargoyles
  10 stone giants
  2 deep elf demonologists (Elf:3)
  3 purple draconians
  Azrael (Orc:2)
  3 bunyips
  8 spark wasps
  9 red draconians
  14 dire elephants
  3 black draconians
  6 white draconians (Depths:4)
  5 yellow draconians
  9 deep elf annihilators (Elf:3)
  An eidolon (Vaults:2)
  2 crystal guardians (Vaults:3)
  2 fire dragons
  2 entropy weavers (Vaults:3)
  3 merfolk impalers
  7 deep elf death magi
  6 ettins
  A blizzard demon (Zot:1)
  Josephine (D:12)
  10 great orbs of eyes
  3 deep elf high priests (Elf:3)
  2 merfolk javelineers (Depths:2)
  8 yaktaur captains
  4 salamander tyrants
  2 rakshasas (Depths:2)
  8 vault guards
  2 ghost crabs (Swamp:4)
  3 hell beasts
  10 centaur warriors
  10 ice dragons
  An ogre mage (Vaults:2)
  24 hydras
  4 peacekeepers
  5 spriggan air magi
  9 ironbound frosthearts
  8 alligators
  3 boulder beetles
  Erica (D:9)
  15 naga warriors
  28 dancing weapons
  6 death yaks (Lair:5)
  11 anacondas
  8 two-headed ogres
  9 deep troll shamans
  9 tengu warriors
  5 deep troll earth magi
  5 hell hogs
  7 hell knights
  4 vampire magi
  4 thrashing horrors (Lair:5)
  4 spriggan berserkers
  10 sun demons (Depths:2)
  20 naga sharpshooters
  4 shock serpents
  3 orc high priests
  15 deep elf knights
  Sonja (Lair:3)
  2 soul eaters (D:1)
  A cherub (D:1)
  7 skeletal warriors
  6 goliath frogs
  7 salamander mystics
  6 iron trolls (Depths:1)
  3 spriggan druids
  24 deep trolls
  A death drake (Swamp:1)
  4 glowing orange brains
  2 shadow demons
  A flayed ghost (Depths:3)
  A sea snake (shapeshifter) (Depths:4)
  11 lindwurms
  15 swamp dragons
  3 naga ritualists
  9 ironbound convokers
  4 sea snakes (Snake:2)
  Pikel (D:4)
  2 bog bodies
  8 deep elf archers
  23 deep elf pyromancers
  2 phantasmal warriors (Depths:3)
  4 necromancers
  10 wizards
  4 harpies
  32 ugly things
  9 mana vipers
  2 shining eyes
  16 orc knights
  17 deep elf zephyrmancers
  3 orc sorcerers
  3 will-o-the-wisps
  2 manticores
  7 cyclopes
  Joseph (D:7)
  10 moths of wrath
  11 elephants
  21 salamanders
  3 guardian serpents
  2 rust devils
  17 vault sentinels
  A centaur zombie (D:13)
  A torpor snail (Lair:5)
  16 naga magi
  A gargoyle (D:12)
  23 black mambas
  2 water nymphs (Swamp:3)
  2 orange demons
  4 smoke demons
  A hellion (D:3)
  2 rime drakes
  10 cane toads
  An unseen horror (D:12)
  9 kobold demonologists
  Psyche (D:8)
  26 yaktaurs
  8 komodo dragons
  A tormentor (D:8)
  A freezing wraith (Vaults:2)
  4 tengu conjurers
  2 ice devils
  5 tyrant leeches
  A meliai (D:14)
  A red devil (Depths:3)
  9 trolls
  2 bloated husks
  10 hornets
  2 hellwings
  6 saltlings (Orc:2)
  7 blink frogs (Lair:5)
  A raiju (Lair:5)
  3 dream sheep (Lair:5)
  Prince Ribbit (D:7)
  A blink frog (shapeshifter) (D:13)
  A meliai zombie (D:13)
  4 large abominations
  63 slime creatures
  A jumping spider (Vaults:3)
  A flying skull (Elf:3)
  A vampire (D:6)
  Sigmund (D:5)
  8 wyverns
  14 spriggans
  44 yaks
  10 water elementals
  2 shadows (D:11)
  6 wraiths
  3 ynoxinuls
  9 fire elementals
  Grum (Lair:1)
  3 air elementals
  4 hogs (D:14)
  A human (shapeshifter) (Lair:5)
  Eustachio (D:5)
  15 golden eyes
  12 basilisks
  4 redbacks (Vaults:3)
  31 vampire mosquitoes
  2 chaos spawn (Lair:5)
  2 steam dragons (D:9)
  5 wargs
  8 water moccasins
  2 hell hounds (Orc:2)
  63 nagas
  17 swamp worms
  A floating eye (shapeshifter) (Elf:2)
  A floating eye (Depths:3)
  37 orc warriors
  2 sky beasts (D:8)
  10 swamp drakes
  3 ice beasts
  11 black bears
  8 ogres
  5 wolves
  7 boggarts (Vaults:1)
  4 centaurs
  2 lemures (D:4)
  A phantom (D:5)
  5 elf zombies (Elf:1)
  9 kobold brigands
  14 bullfrogs
  5 earth elementals
  7 scorpions
  5 wights (D:10)
  18 killer bees
  3 howler monkeys
  14 electric eels
  5 jellies
  A gnoll bouda (D:9)
  3 hounds
  Crazy Yiuf (D:5)
  10 orc priests
  Ijyb (D:5)
  3 sleepcaps
  6 iguanas
  24 orc wizards
  12 small abominations (Lair:5)
  Robin (D:3)
  12 gnolls
  9 adders
  An ufetubus (D:5)
  2 worms
  A dart slug (D:4)
  67 orcs
  A bat zombie (D:9)
  17 endoplasms
  4 giant cockroaches
  13 goblins
  12 hobgoblins
  6 jackals
  14 kobolds
  3 quokkas
  3 ball pythons
  8 bats
  3 frilled lizards
  3 rats
  A rat zombie (D:9)
  2 butterflies
1886 creatures vanquished.

Vanquished Creatures (others)
  A thorn hunter (Swamp:3)
  2 storm dragons (Zot:3)
  A deep elf knight (Elf:1)
  A bloated husk (Swamp:3)
  A floating eye (Elf:1)
  4 foxfires
10 creatures vanquished.

Grand Total: 1896 creatures vanquished

Notes
Turn   | Place    | Note
-------+----------+-------------------------------------------
     0 | D:1      | Shard1697 the Kobold Hunter began the quest for the Orb.
     0 | D:1      | Reached XP level 1. HP: 12/12 MP: 1/1
   120 | D:1      | Reached XP level 2. HP: 15/17 MP: 2/2
   515 | D:1      | Reached XP level 3. HP: 22/22 MP: 3/3
  1498 | D:2      | Reached XP level 4. HP: 27/27 MP: 4/4
  1670 | D:3      | Reached XP level 5. HP: 32/32 MP: 5/5
  2257 | D:3      | Noticed Robin
  2259 | D:3      | Killed Robin
  2879 | D:4      | Noticed a lemure
  2879 | D:4      | Noticed a lemure
  2879 | D:4      | Noticed a lemure
  2879 | D:4      | Noticed Pikel
  2879 | D:4      | Noticed a lemure
  2897 | D:4      | Killed a lemure
  3078 | D:4      | Noticed an ogre
  3082 | D:4      | Killed an ogre
  3083 | D:4      | Reached XP level 6. HP: 10/38 MP: 6/6
  3572 | D:4      | Found Siplil's Jewellery Emporium.
  3677 | D:5      | Entered Level 5 of the Dungeon
  3681 | D:5      | Reached XP level 7. HP: 43/43 MP: 7/7
  3691 | D:5      | Found a runed translucent door.
  3694 | D:5      | Noticed Crazy Yiuf
  3698 | D:5      | Killed Crazy Yiuf
  3733 | D:5      | Found a white marble altar of Elyvilon.
  3733 | D:5      | Found a sparkling altar of Nemelex Xobeh.
  3734 | D:5      | Found a blossoming altar of Fedhas.
  4028 | D:5      | Reached skill level 5 in Dodging
  4033 | D:5      | Noticed Eustachio
  4040 | D:5      | Killed Eustachio
  4041 | D:5      | Reached skill level 5 in Fighting
  4041 | D:5      | Reached XP level 8. HP: 49/49 MP: 8/8
  4052 | D:5      | Reached skill level 10 in Ranged Weapons
  4133 | D:5      | Found an opulent altar of Gozag.
  4176 | D:5      | Noticed Sigmund
  4178 | D:5      | Killed Sigmund
  4193 | D:5      | Noticed Ijyb
  4212 | D:5      | Killed Ijyb
  4477 | D:6      | Reached XP level 9. HP: 55/55 MP: 9/9
  4564 | D:6      | Found a staircase to the Ecumenical Temple.
  4570 | Temple   | Entered the Ecumenical Temple
  4585 | Temple   | Became a worshipper of Warmaster Okawaru
  5146 | D:6      | Found an ornate altar of the Wu Jian Council.
  5207 | D:6      | Reached skill level 5 in Stealth
  5689 | D:6      | Reached * piety under Okawaru
  5755 | D:6      | Gained mutation: Your muscles are strong. (Str +4, Int/Dex
                  | -1) [potion of mutation]
  5755 | D:6      | Gained mutation: You are dopey. (Int -2) [potion of
                  | mutation]
  5757 | D:6      | Lost mutation: Your muscles are strong. (Str +4, Int/Dex
                  | -1) [potion of mutation]
  5757 | D:6      | Lost mutation: You are dopey. (Int -2) [potion of mutation]
  5757 | D:6      | Gained mutation: You have a pair of small horns on your
                  | head. [potion of mutation]
  5757 | D:6      | Gained mutation: You are partially covered in iridescent
                  | scales. (AC +2) [potion of mutation]
  5757 | D:6      | Gained mutation: You have hidden genetic potential. [potion
                  | of mutation]
  5880 | D:7      | Reached XP level 10. HP: 63/63 MP: 10/10
  5899 | D:7      | Reached skill level 1 in Invocations
  5911 | D:7      | Noticed Joseph
  5920 | D:7      | Killed Joseph
  5920 | D:7      | Reached ** piety under Okawaru
  6037 | D:7      | Found a stormy altar of Qazlal.
  6038 | D:7      | Noticed Prince Ribbit
  6048 | D:7      | Killed Prince Ribbit
  6154 | D:7      | Gained mutation: You possess an exceptional clarity of
                  | mind. [hidden potential]
  6299 | D:7      | Identified the +1 scale mail of the Morning Star {Dex+3
                  | SInv}
  6358 | D:7      | Found Itraopp's Assorted Antiques.
  6361 | D:7      | Bought a brightly glowing bone ring for 130 gold pieces
  6361 | D:7      | Identified the ring of Salvation {rPois rF- rN++ Will+
                  | AC+4} (You bought it in a shop on level 7 of the Dungeon)
  6363 | D:7      | Bought a potion of heal wounds for 130 gold pieces
  6616 | D:8      | Reached *** piety under Okawaru
  6626 | D:8      | Found a flagged portal.
  6642 | D:8      | Found Qipnompaz's Weapon Boutique.
  6654 | Bailey   | Entered a bailey
  6860 | Bailey   | Noticed a kobold demonologist
  6870 | Bailey   | Killed a kobold demonologist
  6940 | Bailey   | Reached **** piety under Okawaru
  6962 | Bailey   | Reached XP level 11. HP: 61/69 MP: 14/14
  7020 | Bailey   | Acquired a manual of Ranged Weapons
  7022 | Bailey   | Acquired a +2 arbalest of draining
  7024 | Bailey   | Acquired 915 gold pieces
  7069 | Bailey   | Found an iron altar of Okawaru.
  7070 | Bailey   | Noticed an orc high priest
  7091 | Bailey   | Noticed a sun demon
  7113 | Bailey   | Killed an orc high priest
  7114 | Bailey   | Reached skill level 5 in Invocations
  7132 | Bailey   | Gained mutation: Your skin changes colour to match your
                  | surroundings (Stealth+). [hidden potential]
  7132 | Bailey   | Lost mutation: You have hidden genetic potential. [hidden
                  | potential expressed]
  7218 | Bailey   | Identified the +8 hand axe of Agyrew {heavy, Fragile rC+
                  | Dex+6}
  7346 | D:8      | Found Uxubikkoi's General Store.
  7351 | D:8      | Bought a potion of haste for 120 gold pieces
  7675 | D:8      | Noticed Psyche
  7677 | D:8      | Killed Psyche
  7678 | D:8      | Reached skill level 10 in Dodging
  7945 | D:9      | Noticed an elephant
  7961 | D:9      | Killed an elephant
  7967 | D:9      | Reached ***** piety under Okawaru
  7988 | D:9      | Found a staircase to the Lair.
  8108 | D:9      | Found an ancient bone altar of Kikubaaqudgha.
  8198 | D:9      | Noticed Erica
  8220 | D:9      | Killed Erica
  8393 | D:9      | Found Ohuku's General Store.
  8398 | D:9      | Bought a +2 pair of gloves of strength for 301 gold pieces
  8398 | D:9      | Bought a scroll of enchant weapon for 105 gold pieces
  8535 | D:9      | Reached skill level 15 in Ranged Weapons
  8572 | D:9      | Identified the +8 quarterstaff of Plog {flame, Will+}
                  | (Okawaru gifted it to you on level 9 of the Dungeon)
  8572 | D:9      | Received a gift from Okawaru
  8814 | D:10     | Entered Level 10 of the Dungeon
  8814 | D:10     | Found a transporter.
  8814 | D:10     | Found a transporter.
  8858 | D:10     | Reached skill level 10 in Fighting
  9114 | D:10     | Found a burning altar of Makhleb.
  9173 | D:10     | Found a snail-covered altar of Cheibriados.
  9340 | D:10     | Reached XP level 12. HP: 77/77 MP: 17/17
 10053 | D:11     | Received a gift from Okawaru
 10113 | D:11     | Noticed a soul eater
 10184 | D:11     | Noticed a five-headed hydra
 10191 | D:11     | Killed a five-headed hydra
 10206 | D:11     | Noticed a two-headed ogre
 10213 | D:11     | Killed a two-headed ogre
 10420 | D:11     | Noticed a two-headed ogre
 10423 | D:11     | Killed a two-headed ogre
 10656 | Lair:1   | Entered Level 1 of the Lair of Beasts
 10716 | Lair:1   | Learned a level 2 spell: Blink
 10734 | Lair:1   | Noticed Grum
 10745 | Lair:1   | Killed Grum
 10746 | Lair:1   | Reached skill level 1 in Translocations
 10866 | Lair:1   | Received a gift from Okawaru
 10947 | Lair:1   | Reached XP level 13. HP: 82/82 MP: 19/19
 11699 | Lair:2   | Found a staircase to the Snake Pit.
 12697 | Lair:3   | Noticed a five-headed hydra
 12705 | Lair:3   | Killed a five-headed hydra
 12705 | Lair:3   | Identified the +9 shortbow "Concordance" {freeze, Fly}
                  | (Okawaru gifted it to you on level 3 of the Lair of Beasts)
 12705 | Lair:3   | Received a gift from Okawaru
 12945 | Lair:3   | Noticed Sonja
 12947 | Lair:3   | Killed Sonja
 13029 | Lair:3   | Reached skill level 5 in Translocations
 13037 | Lair:3   | Reached ****** piety under Okawaru
 13089 | Lair:3   | Found a staircase to the Swamp.
 13270 | Lair:3   | Noticed a seven-headed hydra
 13274 | Lair:3   | Killed a seven-headed hydra
 14268 | Lair:5   | Entered Level 5 of the Lair of Beasts
 14294 | Lair:5   | Noticed a seven-headed hydra
 14298 | Lair:5   | Killed a seven-headed hydra
 14298 | Lair:5   | Received a gift from Okawaru
 14306 | Lair:5   | Learned a level 3 spell: Ozocubu's Armour
 14317 | Lair:5   | Reached XP level 14. HP: 88/88 MP: 20/20
 14331 | Lair:5   | Reached skill level 15 in Dodging
 14636 | Lair:5   | Identified the +7 plate armour "Tussuec" {Int+3 SInv}
                  | (Okawaru gifted it to you on level 5 of the Lair of Beasts)
 14636 | Lair:5   | Received a gift from Okawaru
 14805 | Lair:5   | Found a runed translucent door.
 14805 | Lair:5   | Found a viscous altar of Jiyva.
 14805 | Lair:5   | Noticed an acid blob
 14805 | Lair:5   | Noticed an acid blob
 14806 | Lair:5   | Found a staircase to the Slime Pits.
 15049 | Lair:5   | Reached skill level 1 in Ice Magic
 15590 | Lair:5   | Found a corrupted altar of Lugonu.
 15606 | Lair:5   | Found a one-way gate to the infinite horrors of the Abyss.
 15865 | D:12     | Reached XP level 15. HP: 93/93 MP: 21/21
 15890 | D:12     | Noticed Josephine
 15895 | D:12     | Killed Josephine
 15923 | D:12     | Identified the +1 robe "Diavuar" {Int+2 Stlth+} (Okawaru
                  | gifted it to you on level 12 of the Dungeon)
 15923 | D:12     | Received a gift from Okawaru
 16111 | D:12     | Found a staircase to the Orcish Mines.
 16246 | D:12     | Found Usun's Distillery.
 16273 | D:12     | Learned a level 5 spell: Borgnjor's Vile Clutch
 16280 | D:12     | Bought 2 potions of haste for 200 gold pieces
 16668 | D:12     | Reached skill level 5 in Ice Magic
 16950 | D:13     | Found a runed translucent gate.
 16951 | D:13     | Found a runed translucent gate.
 16951 | D:13     | Noticed wormstring's ghost (journeyman NaEE)
 16952 | D:13     | Found a runed translucent gate.
 16952 | D:13     | Found a basalt altar of Yredelemnul.
 17040 | D:13     | Identified the +1 chain mail "Cupes" {Drain Regen+ Str+8
                  | Stlth-}
 17190 | D:13     | Found the +5 robe of Night {Dark Will+ SInv}
 17716 | D:14     | Found Datwocant's Jewellery Shoppe.
 17888 | D:14     | Noticed Kirke
 17901 | D:14     | Killed Kirke
 18158 | D:14     | Learned a level 3 spell: Gell's Gravitas
 18204 | D:14     | Received a gift from Okawaru
 18240 | D:14     | Found a gate to the Vaults.
 19250 | D:15     | Entered Level 15 of the Dungeon
 19314 | D:15     | Reached XP level 16. HP: 103/103 MP: 22/22
 19431 | D:15     | Found a bloodstained altar of Trog.
 19505 | D:15     | Reached skill level 1 in Necromancy
 19535 | D:15     | Reached skill level 1 in Earth Magic
 19549 | D:15     | Found a staircase to the Depths.
 19796 | D:15     | Noticed Roxanne
 19814 | D:15     | Killed Roxanne
 20014 | Orc:1    | Entered Level 1 of the Orcish Mines
 20146 | Orc:1    | Received a gift from Okawaru
 20392 | Orc:1    | Found Ceatuad's Jewellery Boutique.
 20397 | Orc:1    | Bought the ring of Shadows {Umbra +Inv Stlth+} for 520 gold
                  | pieces
 20397 | Orc:1    | Found the ring of Shadows {Umbra +Inv Stlth+}
 20478 | Orc:1    | Found a runed translucent door.
 20479 | Orc:1    | Found a shimmering altar of Xom.
 20479 | Orc:1    | Noticed promet's ghost (journeyman VSFi)
 20723 | Orc:2    | Entered Level 2 of the Orcish Mines
 20739 | Orc:2    | Noticed Azrael
 20790 | Orc:2    | Killed Azrael
 20825 | Orc:2    | Found a staircase to the Elven Halls.
 21049 | Orc:2    | Noticed Saint Roka
 21322 | Orc:2    | Found Wualos's Book Shop.
 21328 | Orc:2    | Bought a book of the Hunter for 338 gold pieces
 21352 | Orc:2    | Reached skill level 1 in Spellcasting
 21380 | Orc:2    | Learned a level 3 spell: Portal Projectile
 21403 | Orc:2    | Found Sishiwk's Antique Weapon Shoppe.
 21403 | Orc:2    | Found Untyrph's Assorted Antiques.
 21432 | Orc:2    | Reached skill level 1 in Hexes
 21752 | Orc:2    | Received a gift from Okawaru
 21833 | Orc:2    | Found Lockoaz's Book Shoppe.
 22046 | D:4      | Killed Pikel
 22061 | D:4      | Bought the ring of the Ego {rC+ Int+6 Slay+3 Stlth+} for
                  | 850 gold pieces
 22202 | Snake:1  | Entered Level 1 of the Snake Pit
 22223 | Snake:1  | Reached skill level 10 in Translocations
 22223 | Snake:1  | Reached XP level 17. HP: 109/109 MP: 23/23
 22929 | Snake:1  | Noticed Aizul
 22939 | Snake:1  | Killed Aizul
 23612 | Snake:2  | Reached skill level 5 in Earth Magic
 23677 | Snake:2  | Reached skill level 5 in Necromancy
 24368 | Snake:3  | Found Jaize's Assorted Antiques.
 24372 | Snake:3  | Bought a scroll of teleportation for 132 gold pieces
 24767 | Snake:3  | Received a gift from Okawaru
 24906 | Snake:3  | Reached XP level 18. HP: 114/114 MP: 21/24
 25120 | Snake:3  | Found Zyedioqor's Distillery.
 25123 | Snake:3  | Found Jovificec's General Store.
 25123 | Snake:3  | Found Figuh's Magic Scroll Emporium.
 25125 | Snake:3  | Bought a potion of haste for 160 gold pieces
 25125 | Snake:3  | Bought a potion of haste for 160 gold pieces
 25128 | Snake:3  | Found Hamomn's Assorted Antiques.
 25138 | Snake:3  | Bought a scroll of fear for 68 gold pieces
 25153 | Snake:3  | Noticed Agnes
 25161 | Snake:3  | Killed Agnes
 25268 | Snake:3  | Found a burning altar of Makhleb.
 25489 | Snake:4  | Entered Level 4 of the Snake Pit
 25604 | Snake:4  | Found Qemawist's General Store.
 25605 | Snake:4  | Found Doihifiq's Assorted Antiques.
 25606 | Snake:4  | Found Vifelod's Assorted Antiques.
 25725 | Snake:4  | Received a gift from Okawaru
 26023 | Snake:4  | Noticed Vashnia
 26076 | Snake:4  | Killed Vashnia
 26873 | Snake:4  | Reached skill level 10 in Necromancy
 26873 | Snake:4  | Reached skill level 10 in Earth Magic
 26959 | Snake:4  | Received a gift from Okawaru
 27083 | Snake:4  | Got a serpentine rune of Zot
 27348 | Swamp:1  | Entered Level 1 of the Swamp
 27874 | Swamp:1  | Identified the +5 battleaxe of False Hope {protect, Will++
                  | MP+9 Str+3 Dex-5}
 27912 | Swamp:1  | Reached XP level 19. HP: 120/120 MP: 25/25
 28003 | Swamp:1  | Found the necklace of Bloodlust {Fury *Rage Will++ Int-3
                  | Slay+6}
 28052 | Swamp:1  | Found a runed translucent gate.
 28053 | Swamp:1  | Found a runed translucent gate.
 28054 | Swamp:1  | Found a runed translucent gate.
 28421 | Swamp:1  | Identified the +5 hat of the Nexus {Int+2} (Okawaru gifted
                  | it to you on level 1 of the Swamp)
 28421 | Swamp:1  | Received a gift from Okawaru
 28949 | Swamp:2  | Noticed Donald
 28956 | Swamp:2  | Killed Donald
 29046 | Swamp:2  | Noticed a tentacled monstrosity
 29054 | Swamp:2  | Killed a tentacled monstrosity
 29589 | Swamp:2  | Found the sphere of Battle
 29592 | Swamp:2  | Identified the +7 flail of Infinite Pain {flame, Int+4}
 29608 | Swamp:2  | Identified the +1 chain mail of Weightlessness {Int+4}
 30446 | Swamp:3  | Reached skill level 1 in Armour
 31404 | Swamp:4  | Entered Level 4 of the Swamp
 31450 | Swamp:4  | Noticed a tentacled monstrosity
 31580 | Swamp:4  | Received a gift from Okawaru
 31723 | Swamp:4  | Killed a tentacled monstrosity
 31781 | Swamp:4  | Found a transporter.
 31886 | Swamp:4  | Found a transporter.
 31886 | Swamp:4  | Noticed Newt's ghost (adept KoHu)
 31942 | Swamp:4  | Found the +8 orange crystal plate armour {Archmagi, Int+3
                  | Clar}
 32201 | Swamp:4  | Reached skill level 15 in Fighting
 32670 | Swamp:4  | Noticed the 27-headed Lernaean hydra
 32679 | Swamp:4  | Killed the 27-headed Lernaean hydra
 32679 | Swamp:4  | Received a gift from Okawaru
 32683 | Swamp:4  | Reached XP level 20. HP: 79/129 MP: 11/26
 32899 | Swamp:4  | Got a decaying rune of Zot
 33473 | Elf:1    | Entered Level 1 of the Elven Halls
 33658 | Elf:1    | Reached skill level 5 in Armour
 33664 | Elf:1    | Found a runed translucent door.
 33666 | Elf:1    | Found a shimmering altar of Xom.
 33666 | Elf:1    | Noticed Naehuetz's ghost (adept DEBr)
 34065 | Elf:1    | Found an ancient bone altar of Kikubaaqudgha.
 35147 | Elf:1    | Got the Encyclopedia of Evil
 35195 | Elf:1    | Identified the +1 demon blade of Latoabb {heavy, *Slow
                  | Str+2 Int+2 Dex+2} (Okawaru gifted it to you on level 1 of
                  | the Elven Halls)
 35195 | Elf:1    | Received a gift from Okawaru
 35199 | Elf:1    | Found a white marble altar of Elyvilon.
 35199 | Elf:1    | Found a glowing silver altar of Zin.
 35199 | Elf:1    | Found a glowing golden altar of the Shining One.
 35614 | Elf:2    | Found a runed translucent gate.
 35614 | Elf:2    | Found a runed translucent gate.
 35616 | Elf:2    | Found an opulent altar of Gozag.
 35653 | Elf:2    | Found a runed translucent gate.
 35653 | Elf:2    | Found a runed translucent gate.
 35742 | Elf:2    | Found a runed translucent gate.
 35780 | Elf:2    | Reached skill level 5 in Spellcasting
 35817 | Elf:2    | Identified the +3 quarterstaff "Icux" {protect, Dex+3}
 35832 | Elf:2    | Found Rimmow's Distillery.
 35839 | Elf:2    | Bought a potion of haste for 120 gold pieces
 35839 | Elf:2    | Bought a potion of heal wounds for 60 gold pieces
 35839 | Elf:2    | Bought a potion of heal wounds for 60 gold pieces
 36010 | Elf:2    | Identified the +1 dagger of Taxation {heavy, rElec Int+4}
 36087 | Elf:2    | Found a runed translucent gate.
 36469 | Elf:2    | Identified the +2 robe of Proximity {Harm Dex+4} (Okawaru
                  | gifted it to you on level 2 of the Elven Halls)
 36469 | Elf:2    | Received a gift from Okawaru
 37218 | Elf:3    | Entered Level 3 of the Elven Halls
 38204 | Elf:3    | Acquired a +0 pair of boots of stealth
 38213 | Elf:3    | Found a portal to a secret trove of treasure.
 38253 | Elf:3    | Reached XP level 21. HP: 127/134 MP: 22/30
 38322 | Elf:3    | Noticed a Tzitzimitl
 38323 | Elf:3    | Identified the +11 mace "Pupnyow" {flame, rPois Dex+3}
 38437 | Elf:3    | Identified the +10 trident "Lyuroa" {speed, rPois}
 38614 | Abyss:3  | Cast into level 3 of the Abyss (a deep elf sorcerer)
 38631 | Elf:3    | Escaped the Abyss
 38826 | Elf:3    | Identified the +1 pair of gloves of Divine Liberty {Int+3}
                  | (Okawaru gifted it to you on level 3 of the Elven Halls)
 38826 | Elf:3    | Received a gift from Okawaru
 38852 | Elf:3    | Got Sif Muna's Omnibus of the Crushed Queens
 38884 | Elf:3    | Got Roxanne's Annotations on Lithomancy
 38895 | Elf:3    | Found the +3 Mad Mage's Maulers {Infuse+∞ VampMP -Cast}
 39360 | D:14     | Bought the ring of the Cricket {rElec rPois Int-4 Dex+6
                  | Stlth-} for 754 gold pieces
 39477 | Orc:2    | Killed Saint Roka
 39527 | Orc:2    | Bought a manual of Spellcasting for 1040 gold pieces
 39677 | Vaults:1 | Entered Level 1 of the Vaults
 40295 | Vaults:1 | Got the Teachings on Puissant Scree
 40707 | Vaults:1 | Reached XP level 22. HP: 121/140 MP: 30/35
 40919 | Vaults:1 | Reached skill level 10 in Spellcasting
 41153 | Vaults:1 | Identified the +1 hat of the Lotus Blossom {rElec rF- Str-3
                  | Stlth+} (Okawaru gifted it to you on level 1 of the Vaults)
 41153 | Vaults:1 | Received a gift from Okawaru
 41539 | Vaults:2 | Found a staircase to the Crypt.
 42072 | Vaults:2 | Noticed Jory
 42077 | Vaults:2 | Killed Jory
 42991 | Vaults:3 | Received a gift from Okawaru
 43119 | Vaults:3 | Identified the +0 cloak of the Winnowing Gods {Rampage
                  | rPois Str-5 Dex+7} (Okawaru gifted it to you on level 3 of
                  | the Vaults)
 43119 | Vaults:3 | Received a gift from Okawaru
 43139 | Vaults:3 | Identified the +1 leather armour of Lugonu's Whim {Rampage
                  | Str+3}
 43313 | Vaults:3 | Reached skill level 27 in Ranged Weapons
 43385 | Vaults:3 | You are sucked into a shaft and drop 1 floor!
 44500 | Vaults:4 | Reached XP level 23. HP: 128/144 MP: 33/40
 46154 | Depths:1 | Entered Level 1 of the Depths
 46161 | Depths:1 | Reached skill level 10 in Stealth
 46225 | Depths:1 | Learned a level 6 spell: Dispersal
 46540 | Depths:1 | Identified the ring of Votydeh {Str+3 Int+6}
 46762 | Depths:1 | Received a gift from Okawaru
 46772 | Depths:1 | Paralysed by a vampire knight for 3 turns
 47179 | Depths:1 | Found a gateway to Hell.
 47297 | Depths:1 | Reached skill level 15 in Spellcasting
 47361 | Depths:2 | Found a one-way gateway to a ziggurat.
 47722 | Depths:2 | Found a one-way gate leading to the halls of Pandemonium.
 48281 | Depths:2 | Identified the +9 long sword of Corruption {freeze, Will+
                  | rCorr}
 48448 | Depths:2 | Reached XP level 24. HP: 111/150 MP: 37/42
 48601 | Depths:2 | Identified the +7 arbalest of Wounding {freeze, rN+ MP-9
                  | Str+3} (Okawaru gifted it to you on level 2 of the Depths)
 48601 | Depths:2 | Received a gift from Okawaru
 49147 | Depths:3 | Noticed a caustic shrike
 49509 | Depths:3 | Paralysed by a vampire knight for 2 turns
 49513 | Depths:3 | Paralysed by something for 5 turns
 49516 | Depths:3 | Killed a caustic shrike
 49528 | Depths:3 | Noticed a golden dragon
 49937 | Depths:3 | Found Cynyax's Armour Emporium.
 50133 | Depths:3 | Killed a golden dragon
 50192 | Depths:4 | Entered Level 4 of the Depths
 50203 | Depths:4 | Identified the +3 arbalest "Hufiocecw" {freeze, rElec Str+4
                  | Int+3 Dex+3} (Okawaru gifted it to you on level 4 of the
                  | Depths)
 50203 | Depths:4 | Received a gift from Okawaru
 50414 | Depths:4 | Noticed the Enchantress
 51250 | Depths:4 | Found a runed translucent door.
 51252 | Depths:4 | Found a runed translucent door.
 51287 | Depths:4 | Found a runed translucent door.
 51358 | Depths:4 | Reached skill level 1 in Evocations
 51416 | Depths:4 | Received a gift from Okawaru
 51532 | Depths:4 | Killed the Enchantress
 51655 | Depths:4 | Reached skill level 5 in Evocations
 51669 | Depths:4 | Noticed Louise
 51676 | Depths:4 | Killed Louise
 51677 | Depths:4 | Reached XP level 25. HP: 125/128 MP: 42/42
 51958 | Depths:4 | Found a sparkling altar of Nemelex Xobeh.
 52256 | Depths:4 | Found a runed translucent door.
 52256 | Depths:4 | Found a runed translucent door.
 52271 | Depths:4 | Found a gate to the Realm of Zot.
 52345 | Depths:4 | Found a runed translucent door.
 52780 | Slime:1  | Entered Level 1 of the Pits of Slime
 52797 | Slime:1  | Received a gift from Okawaru
 52940 | Slime:5  | Entered Level 5 of the Pits of Slime
 53048 | Slime:5  | Noticed the Royal Jelly
 53327 | Slime:4  | Found a viscous altar of Jiyva.
 53382 | Slime:5  | Killed the Royal Jelly
 53706 | Slime:5  | Identified the +2 helmet of Hubris {Drain rPois rC+ rCorr}
 53720 | Slime:5  | Learned a level 3 spell: Swiftness
 53724 | Slime:5  | Got a slimy rune of Zot
 53835 | Slime:3  | Reached skill level 1 in Air Magic
 54259 | Zot:1    | Entered Level 1 of the Realm of Zot
 54796 | Zot:2    | Noticed an orb of fire
 54801 | Zot:2    | Gained mutation: You are weak. (Str -2) [an orb of fire]
 54801 | Zot:2    | Gained mutation: You have hidden genetic potential. [an orb
                  | of fire]
 54802 | Zot:2    | Killed an orb of fire
 54903 | Zot:3    | Reached skill level 10 in Armour
 54903 | Zot:3    | Identified the +1 rapier "Harufog" {drain, Fragile Fly
                  | Str+3 SInv} (Okawaru gifted it to you on level 3 of the
                  | Realm of Zot)
 54903 | Zot:3    | Received a gift from Okawaru
 54918 | Zot:3    | Reached XP level 26. HP: 111/161 MP: 35/42
 55384 | Zot:5    | Entered Level 5 of the Realm of Zot
 55457 | Zot:5    | Noticed a curse toe
 55459 | Zot:5    | Killed a curse toe
 55751 | Zot:5    | Noticed an orb of fire
 55755 | Zot:5    | Noticed a dread lich
 55761 | Zot:5    | Noticed a dread lich
 55761 | Zot:5    | Gained mutation: You are clumsy. (Dex -2) [an orb of fire]
 55762 | Zot:5    | Paralysed by something for 4 turns
 55764 | Zot:5    | Gained mutation: You occasionally shout uncontrollably at
                  | your foes. [an orb of fire]
 56044 | Zot:5    | Killed a dread lich
 56051 | Zot:5    | Killed an orb of fire
 56067 | Zot:5    | Noticed an ancient lich
 56072 | Zot:5    | Killed an ancient lich
 56078 | Zot:5    | Noticed a Killer Klown
 56082 | Zot:5    | Killed a Killer Klown
 56089 | Zot:5    | Noticed a dread lich
 56091 | Zot:5    | Killed a dread lich
 56137 | Zot:5    | Killed a dread lich
 56163 | Zot:5    | Received a gift from Okawaru
 56193 | Zot:5    | Noticed a dread lich
 56195 | Zot:5    | Killed a dread lich
 56289 | Zot:5    | Got the Orb of Zot
 56421 | Zot:1    | Noticed Gukirgh the pandemonium lord
 56461 | Zot:2    | Lost mutation: You are weak. (Str -2) [hidden potential]
 56624 | Zot:1    | Killed Gukirgh the pandemonium lord
 56629 | Zot:1    | Reached skill level 27 in Dodging
 56679 | Zot:1    | Noticed Kaibbe the pandemonium lord
 56701 | Depths:4 | Noticed Mysump the pandemonium lord
 56779 | Depths:3 | Reached XP level 27. HP: 162/166 MP: 37/42
 56835 | Depths:2 | Noticed Tyxt the pandemonium lord
 57155 | D:1      | Noticed Ypogrup the pandemonium lord
 57163 | D:1      | Killed Ypogrup the pandemonium lord
 57183 | D:$      | Escaped with the Orb!

Illustrated notes

Levels and vault maps discovered:
D:1:      ldierk_walled_garden_2, layout_basic, interstate_on_off
D:2:      layout_basic
D:3:      layout_basic, uniq_robin
D:4:      layout_basic, serial_shops, nicolae_shop_statue_plus, uniq_pikel
D:5:      layout_rooms, grunt_gozag_statues,
          chequers_temple_overflow_statue_of_worship, st_stairs_7, uniq_ijyb,
          uniq_crazy_yiuf_cottage, uniq_eustachio, uniq_sigmund
D:6:      lemuel_slime, layout_cave_pools, mainiacjoe_overflow_catwalk,
          minmay_temple_entry_sparse_star, serial_co_window_serial,
          co_window_paths_b, co_window_cross_1, co_window_corner_a,
          co_window_cross_1, co_window_cross_1, co_window_of_opportunity_a,
          co_window_cross_4, co_window_2corner, co_window_cross_3,
          co_window_2corner, co_window_corner_cb, co_window_paths_d,
          glass_columns_b
D:7:      old_forge, layout_rooms, mainiacjoe_overflow_six_doors_small,
          serial_shops, shop, uniq_joseph, uniq_prince_ribbit1
D:8:      layout_loops_ring, enter_bailey_2, serial_shops, shop, shop_fountains,
          st_stairs_3, uniq_psyche
D:9:      layout_basic, lemuel_zombie_altar_kikubaaqudgha, david_lair_generic,
          serial_shops, nicolae_shop_trees, kennysheep_cross_bottleneck,
          uniq_erica
D:10:     layout_small_grid, mainiacjoe_overflow_chevrons,
          nicolae_overflow_hidden_temple, nicolae_diode_stairs
D:11:     layout_long_grid
D:12:     layout_basic, minmay_orc_entry_guard_dogs, serial_shops, shop,
          uniq_josephine
D:13:     layout_small_grid, amcnicky_mini_pool_small, minivault_15,
          nicolae_yredelemnul_ghost_church
D:14:     layout_stronghold, lightli_vaults_fourway_checkpoint, serial_rivers,
          chequers_serial_rivers_small_b, chequers_serial_rivers_large_b,
          chequers_serial_rivers_room_a, chequers_serial_rivers_micro_e,
          chequers_serial_rivers_micro_b, serial_shops, nicolae_stop_n_shop_1,
          uniq_kirke
D:15:     hangedman_depths_entry_try_elsewhere_first, layout_rooms, bloody_trog,
          minivault_4, uniq_roxanne
Temple:   hellmonk_temple_beads
Lair:1:   layout_roguey, uniq_grum
Lair:2:   layout_regular_city, minmay_snake_entry_guardpost_small
Lair:3:   layout_hall_layers, minmay_swamp_entry_eels, beast_lair_carwin_8,
          uniq_sonja
Lair:4:   layout_gridlike, lemuel_fruit_fields, serial_bayou_shore_b,
          serial_bayou_shore_b
Lair:5:   hellmonk_lair_end_abyssal_woods, layout_cave_pods, slime_entry_2,
          lemuel_fruit_fields
Swamp:1:  layout_basic_swamp, gammafunk_ghost_necromancy,
          nicolae_swamp_little_tower, nicolae_swamp_catching_bugs
Swamp:2:  layout_basic_swamp, evilmike_swamp_ruin_house_3, hangedman_swamp_dais,
          uniq_donald
Swamp:3:  layout_basic_swamp, evilmike_swamp_ruin_house_1,
          nicolae_swamp_nymph_family_reunion, infiniplex_staircase_pool
Swamp:4:  swamp_old_school, layout_basic_swamp, gammafunk_ghost_arena,
          swamp_pool4, kb_tengu_band
Snake:1:  layout_concentric_octagons, uniq_aizul
Snake:2:  minmay_snake_river, layout_gridlike
Snake:3:  layout_gridlike, serial_corexii_hall, corexii_hall_statues_x,
          corexii_hall_statues_x, serial_shops, nicolae_shop_back_alley_shop,
          lemuel_altar_in_water2, minmay_shoptagon, uniq_agnes
Snake:4:  snake_pit, layout_rooms, minmay_shop_star, uniq_vashnia
Slime:1:  layout_caves, cheibrodos_slime_lost_civilization_4
Slime:2:  layout_caves
Slime:3:  layout_caves
Slime:4:  layout_caves, basic_altar
Slime:5:  slime_pit_nicolae_inversion
Orc:1:    layout_diamond_mine, serial_shops, nicolae_shop_hallway_plus,
          ebering_ghost_xom, bh_open_orc_temple
Orc:2:    hellmonk_orc_salted, layout_caves, basic_altar, uniq_saint_roka,
          uniq_azrael
Elf:1:    layout_geoelf_grid, portal_desolation_entry_holy_temple,
          ebering_ghost_xom, basic_altar, minmay_elf_necromancy,
          onia_ninara_cookie
Elf:2:    elven_hall_of_blades_hangedman_original
          [nicolae_blade_entry_area_security], layout_onion_city,
          ebering_ghost_gozag, serial_shops, nicolae_shop_rolling_square,
          lemuel_elevator
Elf:3:    grunt_elf_hall_asides, layout_geoelf_grid,
          nicolae_trove_entry_isolated, nicolae_elf_stone_circles, st_stairs_8,
          patterned_corridor
Vaults:1: nicolae_vaults_trapezoid_4, v_alt_pattern_3, vaults_dpeg_spiral,
          v_pattern_5, nicolae_vaults_mini_display_case,
          nicolae_vaults_tangram_1, v_misc_23, dpeg_vaults_waves,
          nicolae_vaults_doubleplus_tesselated, nicolae_vaults_meiosis,
          nicolae_vaults_stepped_doors, nicolae_vaults_spaceships,
          hangedman_vaults_stretched_pinwheel, nicolae_vaults_house_3,
          layout_vaults_omnibox
Vaults:2: nicolae_vaults_offset_grid_hallway_4, v_misc_28,
          minmay_crypt_entry_simple_statues, nicolae_vaults_specimen_jars,
          nicolae_vaults_heart-shaped_vault, nicolae_vaults_more_shelving_1,
          nicolae_vaults_diagonal_hallway_6, vaults_room_pool, st_lattice,
          layout_vaults_quadrants, uniq_jory
Vaults:3: v_pattern_4, nicolae_vaults_big_angled_halls,
          nicolae_vaults_tetromino_Z_2, nicolae_vaults_surprise_closet,
          v_rooms_1, serial_ice_b, nicolae_vaults_trapezoid_lopsided_1,
          nicolae_vaults_tetromino_T_2, v_misc_14, layout_vaults_big_room
Vaults:4: dpeg_vaults_monster_row, nicolae_vaults_circle_grid_a, v_misc_1,
          hangedman_vaults_corner_blocks, grunt_vaults_hallway_short,
          hangedman_vaults_nodes, grunt_vaults_diagonal,
          nicolae_vaults_diagonal_hallway_8, nicolae_vaults_alarming,
          nicolae_vaults_sesquioval_fish, vaults_mumra_chevron,
          nicolae_vaults_double_plus_2, layout_vaults_omnicross
Depths:1: kennysheep_green_arena, layout_basic, pf_hell_entry_great_geh,
          kennysheep_small_square
Depths:2: minmay_bloctagon, layout_gridlike, enter_ziggurat_b,
          nicolae_hell_entry_hellmouth_sunbeams, rand_demon_pan_entry_9,
          infiniplex_staircase_river
Depths:3: nicolae_legendary_halls, layout_small_grid, minmay_curled_crystal,
          abyss_entry_small_statue_room, hangedman_coc_ice_floe, serial_shops,
          nicolae_shop_just_a_little_nook, rand_demon_pan_entry_1,
          minmay_staircase_bubble
Depths:4: evilmike_zot_entry_castle, layout_cave_shapes,
          lemuel_coloured_pillars_altar, nicolae_abyss_entry_one_way_or_another,
          hellmouth_1, serial_bayou_shore_a, serial_bayou_shore_b,
          uniq_enchantress
Zot:1:    layout_gridlike, hangedman_zot_wheel_spokes, st_stairs_7
Zot:2:    layout_cathedral_of_symmetry
Zot:3:    nicolae_zot_stationary_front, layout_gridville, grunt_megastairs_2
Zot:4:    layout_misc_corridors, grunt_ministairs_10
Zot:5:    layout_gridville, skrybe_zot_glass_2

Skill      XL: |  1  2  3  4  5  6  7  8  9 10 11 12 13 14 15 16 17 18 19 20 21 22 23 24 25 26 |
---------------+-------------------------------------------------------------------------------+-----
Ranged Weapons | 6 7 8 9 11 12 13 15 18 20 22 24 25 27 | 27.0
Fighting       | 3 4 5 7 8 10 12 13 15 | 15.3
Dodging        | 3 4 5 6 7 9 11 12 14 16 18 19 20 21 22 23 24 25 27 | 27.0
Stealth        | 3 6 7 8 12 13 | 13.5
Invocations    | 4 7 8 |  8.9
Translocations | 1 6 9 10 13 14 | 14.0
Ice Magic      | 3 7 |  7.5
Necromancy     | 3 7 10 | 10.6
Earth Magic    | 3 7 10 | 10.6
Spellcasting   | 3 4 6 9 13 15 | 15.7
Hexes          | 2 4 |  4.7
Armour         | 4 6 8 10 13 | 13.4
Evocations     | 5 9 |  9.0
Air Magic      | 3 |  3.9

Action                     |  1- 3 |  4- 6 |  7- 9 | 10-12 | 13-15 | 16-18 | 19-21 | 22-24 | 25-27 || total
---------------------------+-------+-------+-------+-------+-------+-------+-------+-------+-------++-------
  Melee: Shortbow          |       |       |     5 |       |       |       |       |       |       ||     5
         Headbutt          |       |       |     1 |       |       |       |       |     1 |       ||     2
         Demon blade       |       |       |       |       |       |       |       |    12 |       ||    12
   Fire: Shortbow          |    59 |   105 |   179 |   184 |       |       |       |       |       ||   527
         Arbalest          |       |       |       |   284 |   775 |  1030 |   634 |       |       ||  2723
         Triple crossbow   |       |       |       |       |       |    70 |   359 |   779 |   505 ||  1713
   Cast: Ozocubu's Armour  |       |       |       |       |     3 |     6 |     2 |       |       ||    11
         Blink             |       |       |       |       |       |     3 |     1 |     2 |       ||     6
         Portal Projectile |       |       |       |       |       |    10 |    33 |    11 |     7 ||    61
         Borgnjor's Vile C |       |       |       |       |       |       |     2 |       |       ||     2
         Dispersal         |       |       |       |       |       |       |       |     2 |       ||     2
 Invoke: Heroism           |       |       |       |     3 |     4 |    13 |     8 |     6 |    11 ||    45
         Finesse           |       |       |       |     1 |       |     3 |     4 |     4 |     9 ||    21
  Evoke: Wand              |       |       |       |       |       |       |       |       |     4 ||     4
    Use: Potion            |       |     2 |     5 |     4 |       |       |     5 |     7 |    10 ||    33
         Scroll            |       |     9 |     3 |    11 |     6 |     8 |    12 |    12 |     5 ||    66
 Armour: Leather armour    |     4 |    15 |    49 |    66 |    77 |    78 |    80 |       |       ||   369
         Skin              |       |       |    41 |       |       |       |       |       |       ||    41
         Swamp dragon scal |       |       |       |       |       |       |     7 |       |       ||     7
         Steam dragon scal |       |       |       |       |       |       |    58 |    77 |     4 ||   139
         Acid dragon scale |       |       |       |       |       |       |       |       |   141 ||   141
  Dodge: Dodged            |     9 |    40 |   191 |   340 |   559 |   814 |   911 |   942 |   947 ||  4753
  Block: Reflection        |       |       |       |       |       |     3 |       |       |       ||     3
         Form:             |     1 |       |       |       |       |       |       |       |       ||     1
         Beast             |     1 |       |       |       |       |       |       |       |       ||     1

Table legend: (Time is in decaauts)
 A = Elapsed time spent in this place.
 B = Non-inter-level travel time spent in this place.
 C = Inter-level travel time spent in this place.
 D = Time resting spent in this place.
 E = Time spent auto-exploring this place.
 F = Levels seen in this place.
 G = Mean time per level.
                   A        B        C        D        E       F      G
               +--------+--------+--------+--------+--------+-----+--------+
         Total |  58658 |  53795 |   4863 |   6994 |  35025 |  54 | 1086.3 |
       Dungeon |  16053 |  14165 |   1888 |    638 |  10800 |  15 | 1070.2 |
        Temple |     30 |      2 |     28 |      0 |      0 |   1 |   30.0 |
          Lair |   6434 |   5325 |   1109 |    519 |   3893 |   5 | 1286.8 |
         Swamp |   5587 |   5350 |    237 |    588 |   3800 |   4 | 1396.8 |
     Snake Pit |   5141 |   4924 |    217 |    476 |   3324 |   4 | 1285.2 |
    Slime Pits |   1119 |   1093 |     26 |    418 |     37 |   5 |  223.8 |
  Orcish Mines |   2213 |   1864 |    349 |    125 |   1160 |   2 | 1106.5 |
   Elven Halls |   5847 |   5712 |    135 |   1564 |   3069 |   3 | 1949.0 |
        Vaults |   6224 |   5927 |    297 |    339 |   4528 |   4 | 1556.0 |
        Depths |   6868 |   6371 |    497 |   1320 |   3723 |   4 | 1717.0 |
           Zot |   2506 |   2429 |     77 |    967 |    524 |   5 |  501.2 |
         Abyss |     16 |     16 |      0 |      0 |      0 |   1 |   16.0 |
        Bailey |    614 |    614 |      0 |     37 |    166 |   1 |  614.0 |
               +--------+--------+--------+--------+--------+-----+--------+

Top non-repeatable levels by time:
   Elf:1: 2215 daAuts
   Elf:3: 2074 daAuts
Depths:4: 1961 daAuts
Depths:3: 1890 daAuts
 Swamp:4: 1886 daAuts
Vaults:2: 1751 daAuts
Depths:2: 1709 daAuts
Vaults:1: 1708 daAuts
    D:14: 1696 daAuts
 Snake:4: 1635 daAuts
  Lair:5: 1626 daAuts
Vaults:4: 1565 daAuts
   Elf:2: 1557 daAuts
 Swamp:1: 1482 daAuts
  Lair:3: 1429 daAuts
